 Dungeon Crawl Stone Soup version 0.16-a0-3749-g20dbed2 (console) character file.

977 MrRokkomies the Insei (level 8, -2/48 HPs)
             Began as an Octopode Transmuter on Jan 22, 2015.
             Slain by an ogre
             ... wielding a +0 giant club
              (25 damage)
             ... on level 5 of the Dungeon on Jan 23, 2015.
             The game lasted 00:22:48 (6761 turns).

MrRokkomies the Insei (Octopode Transmuter)         Turns: 6761, Time: 00:22:49

Health: -2/48      AC:  1    Str:  9    XL:     8   Next: 17%
Magic:  22/22      EV: 12    Int: 20    God:
Gold:   347        SH:  3    Dex: 13    Spells: 3 memorised, 2 levels left

rFire  . . .     SeeInvis .       - Unarmed
rCold  . . .     Clarity  .     c - +0 buckler of Limited Liability {rN+ MP+9 Int+3}
rNeg   + . .     SustAb   .     (helmet restricted)
rPois  .         Gourm    .     (no amulet)
rElec  .         Spirit   .     (no ring)
rCorr  .         Warding  .     (no ring)
rMut   .         Stasis   .     (no ring)
MR     .....                    (no ring)
Stlth  ++++......               (no ring)
                                (no ring)
                                (no ring)
                                (no ring)

@: not resistant to hostile enchantments, stealthy
A: almost no armour, amphibious, 8 rings, constrict 8, camouflage 1, gelatinous
body 1
a: no special abilities


You were on level 5 of the Dungeon.
You were not hungry.

You visited 2 branches of the dungeon, and saw 6 of its levels.

You collected 347 gold pieces.

Inventory:

Missiles
 b - 81 arrows
 e - 13 stones (quivered)
 g - 28 poisoned needles
 t - a throwing net
Armour
 c - the +0 buckler of Limited Liability (worn) {rN+ MP+9 Int+3}
   (You acquired it on level 4 of the Dungeon)

   It affects your intelligence (+3).
   It protects you from negative energy.
   It affects your magic capacity (+9).
Magical devices
 s - a wand of random effects (26)
Scrolls
 l - 6 scrolls of remove curse
 n - a scroll of teleportation
 o - a scroll of immolation
 q - 2 scrolls of fog
Potions
 f - a potion of ambrosia {unknown}
 h - a potion of might {unknown}
 i - a potion of magic {unknown}
 j - a potion of invisibility {unknown}
 m - a potion of resistance {unknown}
 p - a potion of agility {unknown}
 u - a potion of flight {unknown}
 x - a potion of poison {unknown}
Books
 d - a book of Changes

   Spells                             Type                      Level
   a - Beastly Appendage              Transmutation                1
   b - Sticks to Snakes               Transmutation                2
   c - Spider Form                    Transmutation/Poison         3
   d - Ice Form                       Ice/Transmutation            4
   e - Blade Hands                    Transmutation                5
Comestibles
 a - 4 bread rations
 k - 2 slices of pizza
 v - 3 meat rations


   Skills:
 - Level 1.0 Fighting
 - Level 2.0 Dodging
 - Level 5.4 Stealth
 + Level 0.8 Shields
 * Level 6.3 Unarmed Combat
 - Level 2.0 Spellcasting
 * Level 6.2 Transmutations


You had 2 spell levels left.
You knew the following spells:

 Your Spells              Type           Power        Failure   Level  Hunger
a - Beastly Appendage     Trmt           ####..       1%          1    #......
b - Spider Form           Trmt/Pois      ##........   21%         3    ###....
c - Blade Hands           Trmt           ####......   58%         5    ######.


Dungeon Overview and Level Annotations

Branches:
Dungeon (5/15)             Temple (1/1) D:4

Altars:
Ashenzari
Dithmenos
Elyvilon
Fedhas
Gozag
Makhleb
Qazlal
Sif Muna
Trog
Vehumet
Xom
Yredelemnul
Zin
The Shining One

Annotations:
D:3 Herrn's ghost, average OpWz


Innate Abilities, Weirdness & Mutations

You cannot wear most types of armour.
You are amphibious.
You can wear up to eight rings at the same time.
You can use your tentacles to constrict many enemies at once.
Your skin changes colour to match your surroundings (Stealth).
Your rubbery body absorbs attacks (AC +1).


Message History

You tentacle-slap the giant gecko skeleton but do no damage.
You grab the giant gecko skeleton. You constrict the giant gecko skeleton.
The giant gecko skeleton bites you.
You tentacle-slap the giant gecko skeleton.
You constrict the giant gecko skeleton.
You block the giant gecko skeleton's attack.
You tentacle-slap the giant gecko skeleton.
You destroy the giant gecko skeleton!
You tentacle-slap the ogre but do no damage.
You squeeze the ogre.
The ogre is lightly wounded.
The ogre closely misses you.
You barely miss the ogre.
The ogre is lightly wounded.
The ogre seems less confused.
The ogre hits you with a giant club!!
You bludgeon the ogre!
The ogre is moderately wounded.
The ogre hits you with a giant club!!
Ouch! That really hurt!
You die...

. #.### #.#.. #.#.#
#.#.# #.#.#
###.#.####
.........########+#+#
................@...#
###.....#.#######O.<#
###.....#..# ...#
...)....##.# .....
......### .. .......
......# #.######.####
........ ..........
......### ##.#.#.#.##
......#####.........#
...........#.#.#.#.##
...⌠................#


You could see an ogre.

Vanquished Creatures
  A phantom (D:5)
  An ice beast (D:5)
  An ogre (D:5)
  Sigmund (D:3)
  A giant frog (D:5)
  2 crimson imps (D:5)
  2 hounds (D:5)
  A giant frog skeleton (D:5)
  A centaur zombie (D:4)
  An orc wizard (D:5)
  4 worker ants
  The ghost of Charly the Insei, a weakling DsMo (D:5)
  6 gnolls
  7 adders
  2 shadow imps (D:5)
  3 worms
  2 giant geckos
  An ooze (D:3)
  17 orcs
  3 bats
  2 bat skeletons (D:4)
  5 giant cockroaches
  6 goblins
  12 hobgoblins
  8 jackals
  A quokka (D:4)
  2 giant gecko skeletons (D:5)
  4 giant newts
  A jackal skeleton (D:4)
  A jackal zombie (D:4)
  9 kobolds
  3 rats
112 creatures vanquished.

Notes
Turn   | Place    | Note
--------------------------------------------------------------
     0 | D:1      | MrRokkomies, the Octopode Transmuter, began the quest for the Orb.
     0 | D:1      | Reached XP level 1. HP: 13/13 MP: 3/3
   516 | D:1      | Reached skill level 1 in Stealth
   516 | D:1      | Reached XP level 2. HP: 16/18 MP: 4/4
  1152 | D:2      | Reached XP level 3. HP: 14/23 MP: 4/6
  1276 | D:2      | Learned a level 3 spell: Spider Form
  1542 | D:2      | Reached XP level 4. HP: 19/28 MP: 5/7
  2029 | D:3      | Noticed Herrn's ghost (average OpWz)
  2460 | D:3      | Noticed Sigmund
  2490 | D:3      | Killed Sigmund
  2490 | D:3      | Reached skill level 4 in Unarmed Combat
  2490 | D:3      | Reached XP level 5. HP: 12/33 MP: 3/9
  3098 | D:4      | Upgraded the game from 0.16-a0-3728-gc6b4a4b to 0.16-a0-3749-g20dbed2
  3551 | D:4      | Reached XP level 6. HP: 38/38 MP: 10/10
  3704 | D:4      | Found a stormy altar of Qazlal.
  3713 | D:4      | Found a staircase to the Ecumenical Temple.
  3733 | Temple   | Entered the Ecumenical Temple
  4035 | D:4      | Found a basalt altar of Yredelemnul.
  4844 | D:4      | Reached skill level 5 in Unarmed Combat
  5220 | D:5      | Entered Level 5 of the Dungeon
  5255 | D:5      | Reached skill level 5 in Transmutations
  5255 | D:5      | Reached XP level 7. HP: 29/43 MP: 8/12
  5352 | D:5      | Noticed Charly's ghost (weakling DsMo)
  5380 | D:5      | Killed Charly's ghost
  5502 | D:5      | Reached skill level 5 in Stealth
  5727 | D:5      | Found a glowing golden altar of the Shining One.
  5789 | D:5      | Reached skill level 6 in Unarmed Combat
  6024 | D:5      | HP: 1/43 [ice beast (14)]
  6378 | D:4      | Identified a scroll of acquirement
  6379 | D:4      | Got a crude buckler
  6385 | D:4      | Identified the +0 buckler of Limited Liability {rN+ MP+9 Int+3} (You acquired it on level 4 of the Dungeon)
  6391 | D:4      | Learned a level 5 spell: Blade Hands
  6403 | D:5      | Reached XP level 8. HP: 6/48 MP: 8/13
  6761 | D:5      | Slain by an ogre

Action                   |  1- 3 |  4- 6 |  7- 9 || total
-------------------------+-------+-------+-------++-------
Melee: Unarmed           |    57 |   169 |   111 ||   337
Throw: Stone             |       |     4 |     9 ||    13
 Cast: Beastly Appendage |     2 |       |     3 ||     5
       Spider Form       |     2 |     3 |     1 ||     6
       Blade Hands       |       |       |     1 ||     1
Evoke: Wand              |       |       |     1 ||     1
  Use: Scroll            |     6 |     4 |     3 ||    13
       Potion            |     1 |     2 |     6 ||     9
 Stab: Sleeping          |     5 |    11 |     1 ||    17
       Distracted        |       |     1 |       ||     1
  Eat: Chunk             |     1 |     7 |     5 ||    13
       Meat ration       |       |     1 |       ||     1
       Bread ration      |       |       |     1 ||     1
